AoeStats
← sug0ma

Arabia

510358932Analyzed
1v1 RM · 2d ago on Sep 30, 2026· 31m 38s· 2 players
Game mode
Random Map
Map size
Tiny (2 player)
Population
200
Speed
Normal
Resources
Standard
Victory
Conquest
Starting age
Dark Age
Ending age
Imperial Age
RankedLock teamsTeams togetherTeam positionsShared explorationLock speedFull tech treeHidden civsTurbo modeCheats
Victory
Defeat
🇦🇷 Franks · Argentina
1104
+15
🇦🇷 Franks · Argentina
1075
-15
Racing corazon
6:21 Loom
10:02 Feudal Age
10:41 Double-Bit Axe
19:39 Castle Age
18:04 Gold Mining
20:28 Wheelbarrow
19:38 Town Watch
19:59 Stone Mining
21:01 Gold Shaft Mining
21:01 Bow Saw
22:22 Forging
24:04 Pikeman
24:45 Squires
24:31 Arson
31:08 Ordonnance Companies
sug0ma
10:40 Feudal Age
11:22 Double-Bit Axe
19:24 Castle Age
18:55 Scale Barding Armor
19:08 Forging
29:10 Fletching
Connection lost

Rejoining the realm…

Still unreachable

The connection could not be restored.

Session expired

The server has moved on; the page needs a fresh start.